 Dungeon Crawl Stone Soup version 0.30-a0-743-gbfdf073431 (webtiles) character file.

Game seed: 16898714070419164041

1020 Ajdolov the Slicer (level 8, -7/40 HPs)
             Began as a Vine Stalker Fighter on Feb 5, 2023.
             Killed from afar by an electric eel (10 damage)
             ... with a bolt of electricity
             ... on level 5 of the Dungeon.
             The game lasted 00:05:17 (2461 turns).

Ajdolov the Slicer (Vine Stalker Fighter)           Turns: 2461, Time: 00:05:17

Health: -7/40      AC: 11    Str: 19    XL:     8   Next: 22%
Magic:  0/9        EV:  6    Int:  8    God:
Gold:   163        SH:  5    Dex: 16    Spells: 7/7 levels left

rFire   . . .      SeeInvis .    y - +5 rapier (drain)
rCold   . . .      Faith    .    c - +0 buckler
rNeg    . . .      Spirit   +    w - +0 chain mail
rPois   .          Reflect  .    (no helmet)
rElec   .          Harm     .    x - +0 cloak
rCorr   .          Rampage  .    (no gloves)
Will    ++...                    p - +0 pair of boots Stlth
                                 o - amulet of regeneration
HPRegen 1.86/turn                a - ring of willpower
MPRegen 0.11/turn                (no ring)

@: no status effects
A: fangs 3, regeneration 1, magic shield, antimagic bite, no potion heal 2
a: no special abilities


You were on level 5 of the Dungeon.
You visited 2 branches of the dungeon, and saw 5 of its levels.

You collected 163 gold pieces.

Inventory:

Hand Weapons
 y - a +5 rapier of draining (weapon)
Missiles
 v - 2 atropa-tipped darts (quivered)
Armour
 c - a +0 buckler (worn)
 p - a +0 pair of boots (worn)
 w - a +0 chain mail (worn)
 x - a +0 cloak (worn)
Jewellery
 a - a ring of willpower (left hand)
 o - an amulet of regeneration (around neck)
Wands
 b - a wand of paralysis (5)
 u - a wand of acid (8)
Scrolls
 e - a scroll of magic mapping {unknown}
 f - 6 scrolls of identify {unknown}
 g - 2 scrolls of noise {unknown}
 h - 2 scrolls of fear {unknown}
 i - a scroll of enchant armour {unknown}
 l - 3 scrolls of amnesia {unknown}
 m - 3 scrolls of fog {unknown}
 n - 2 scrolls of silence {unknown}
 q - 2 scrolls of teleportation {unknown}
Potions
 d - a potion of might
 j - a potion of haste {unknown}
 k - 2 potions of resistance {unknown}
 r - 3 potions of curing {unknown}
 s - 2 potions of brilliance {unknown}
 t - 2 potions of ambrosia {unknown}


   Skills:
 + Level 3.3 Fighting
 * Level 8.5 Short Blades
 - Level 2.4 Armour
 - Level 2.6 Shields


You had 7 spell levels left.
You didn't know any spells.
Your spell library contained the following spells:

 Spells                   Type           Power      Damage    Failure   Level
 Freeze                   Ice            0%         1d3       100%        1
 Summon Small Mammal      Summ           0%         N/A       100%        1
 Call Canine Familiar     Summ           0%         N/A       100%        3
 Frozen Ramparts          Ice            0%         1d1       100%        3
 Hailstorm                Conj/Ice       0%         3d3       100%        3
 Summon Guardian Golem    Hex/Summ       0%         N/A       100%        3
 Animate Dead             Necr           0%         N/A       100%        4
 Haunt                    Necr/Summ      0%         N/A       100%        7
 Infestation              Necr           0%         N/A       100%        8
 Chain Lightning          Conj/Air       0%         N/A       100%        9
 Fire Storm               Conj/Fire      0%         5d1       100%        9
 Shatter                  Erth           0%         3d5*      100%        9


Dungeon Overview and Level Annotations

Branches:
Dungeon (5/15)             Temple (1/1) D:4

Altars:
Ashenzari
Cheibriados
Dithmenos
Elyvilon
Gozag
Hepliaklqana
Kikubaaqudgha
Makhleb
Nemelex Xobeh
Qazlal
Ru
Sif Muna
Uskayaw
Vehumet
Xom
Yredelemnul
Zin
The Shining One

Shops:
D:5 *


Innate Abilities, Weirdness & Mutations

You have razor-sharp teeth.
Your natural rate of healing is unusually fast.
When hurt, damage is shared between your health and your magic reserves.
Your bite disrupts and absorbs the magic of your enemies.
Potions cannot restore your health.


Message History

The shadow flickers and vanishes!
Deactivating autopickup; reactivate with Ctrl-A.
You hit something but do no damage.
The shadow strikes at you from the darkness!
Reactivating autopickup.
You puncture the shadow!
You destroy the shadow!
Magic restored.
You enter the shallow water.
Moving in this stuff is going to be slow.
You open the door.
The electric eel shoots out a bolt of lightning at you!
The bolt of electricity hits the plant.
The plant begins to die.
The bolt of electricity hits you!
The electric eel shoots out a bolt of lightning at you!
The bolt of electricity misses you.
The electric eel shoots out a bolt of lightning at you!
The bolt of electricity hits the electric eel.
The electric eel completely resists.
The bolt of electricity hits the plant!
The bolt of electricity hits you!
There is an open door here.
The electric eel shoots out a bolt of lightning at you!
The bolt of electricity hits the plant!
The bolt of electricity hits you.
The electric eel shoots out a bolt of lightning at you!
The bolt of electricity hits you.
The electric eel shoots out a bolt of lightning at you!
The bolt of electricity hits the electric eel.
The electric eel completely resists.
The bolt of electricity hits the plant!
The bolt of electricity hits you!
* * * LOW HITPOINT WARNING * * *
The electric eel shoots out a bolt of lightning at you!
The bolt of electricity hits you!
* * * LOW HITPOINT WARNING * * *
There is an open door here.
The electric eel shoots out a bolt of lightning at you!
The bolt of electricity hits you.
* * * LOW HITPOINT WARNING * * *
The electric eel shoots out a bolt of lightning at you!
The bolt of electricity hits the plant!
The bolt of electricity hits you!
You die...

#######
##~~...### ..##
##.####@.~# ...
#.##..'##~~~..#
...
#.#.....#####..#
). #.#.....# # #
#.#~P.P~# #
#~#~.S..#.....#
#
#~#$(.S.#.P.P.#
#
#~#S≈!≈≈#~PPP~#
#
#~##≈≈≈##$:[..#
#


You could see 3 electric eels.

Vanquished Creatures
  Eustachio (D:5)
  A shadow (D:5)
  An ice beast (D:5)
  A phantom (D:4)
  2 necrophages
  3 scorpions
  2 hounds
  2 orc wizards (D:5)
  Robin (D:2)
  4 gnolls
  4 adders
  2 worms
  9 orcs
  5 ball pythons
  4 endoplasms
  2 giant cockroaches (D:2)
  9 goblins
  9 hobgoblins
  A quokka (D:5)
  4 bats
  4 kobolds
71 creatures vanquished.

Vanquished Creatures (others)
  2 plants (D:2)
2 creatures vanquished.

Grand Total: 73 creatures vanquished

Notes
Turn   | Place    | Note
-------+----------+-------------------------------------------
     0 | D:1      | Ajdolov the Vine Stalker Fighter began the quest for the
                  | Orb.
     0 | D:1      | Reached XP level 1. HP: 11/11 MP: 2/2
    65 | D:1      | Reached skill level 2 in Short Blades
   117 | D:1      | Reached XP level 2. HP: 16/16 MP: 3/3
   251 | D:1      | Reached skill level 3 in Short Blades
   285 | D:1      | Reached XP level 3. HP: 19/19 MP: 4/4
  1007 | D:2      | Noticed Robin
  1017 | D:2      | Killed Robin
  1038 | D:2      | Gained mutation: Your natural rate of healing is unusually
                  | fast. [Vine Stalker growth]
  1038 | D:2      | Reached XP level 4. HP: 20/23 MP: 5/5
  1160 | D:2      | You fall into a shaft and drop 2 floors!
  1202 | D:4      | Noticed a scorpion
  1204 | D:4      | Noticed a scorpion
  1258 | D:4      | Found a staircase to the Ecumenical Temple.
  1258 | D:4      | Noticed a necrophage
  1264 | D:4      | Noticed a scorpion
  1270 | Temple   | Entered the Ecumenical Temple
  1289 | Temple   | Killed a necrophage
  1290 | Temple   | Reached skill level 4 in Short Blades
  1290 | Temple   | Reached XP level 5. HP: 11/27 MP: 3/6
  1292 | Temple   | Reached skill level 5 in Short Blades
  1499 | D:4      | Reached XP level 6. HP: 32/32 MP: 5/7
  1608 | D:4      | Reached skill level 6 in Short Blades
  1778 | D:4      | Reached XP level 7. HP: 28/35 MP: 4/8
  2036 | D:5      | Entered Level 5 of the Dungeon
  2108 | D:5      | Reached skill level 7 in Short Blades
  2283 | D:5      | Noticed Eustachio
  2305 | D:5      | Killed Eustachio
  2327 | D:5      | Reached skill level 8 in Short Blades
  2327 | D:5      | Gained mutation: You have razor-sharp teeth. [Vine Stalker
                  | growth]
  2327 | D:5      | Reached XP level 8. HP: 39/39 MP: 9/9
  2331 | D:5      | Found Finaw's Mass Market.
  2391 | D:5      | Noticed a shadow
  2411 | D:5      | Killed a shadow
  2461 | D:5      | Killed from afar by an electric eel

Illustrated notes

Levels and vault maps discovered:
D:1:      wander_arrival_fairy_ring, layout_basic, st_stairs_7
D:2:      layout_basic, serial_bayou_crossing, uniq_robin
D:4:      layout_loops_ring, minmay_temple_entry_sparse_star
D:5:      cheibrodos_two_vegetables, layout_gridville,
          minmay_misc_feat_ornament, minmay_shop_mass, uniq_eustachio
Temple:   compressed_dpeg_circular_temple

Skill      XL: |  1  2  3  4  5  6  7  8 |
---------------+-------------------------+-----
Short Blades   | 2 3 4 5 6 8 |  8.5
Fighting       | 3 |  3.3
Armour         | |  2.4
Shields        | |  2.6

Action                     |  1- 3 |  4- 6 |  7- 9 || total
---------------------------+-------+-------+-------++-------
  Melee: Rapier            |   101 |   138 |   112 ||   351
         Bite              |    27 |    50 |    40 ||   117
  Evoke: Wand              |       |     1 |       ||     1
 Armour: Scale mail        |    41 |    23 |       ||    64
         Chain mail        |       |    39 |    43 ||    82
  Dodge: Dodged            |    50 |    56 |    20 ||   126
  Block: Buckler           |    33 |    27 |    19 ||    79

Table legend: (Time is in decaauts)
 A = Elapsed time spent in this place.
 B = Non-inter-level travel time spent in this place.
 C = Inter-level travel time spent in this place.
 D = Time resting spent in this place.
 E = Time spent auto-exploring this place.
 F = Levels seen in this place.
 G = Mean time per level.
                   A        B        C        D        E       F      G
               +--------+--------+--------+--------+--------+-----+--------+
         Total |   2465 |   2422 |     43 |      0 |   1586 |   5 |  493.0 |
       Dungeon |   2320 |   2277 |     43 |      0 |   1567 |   4 |  580.0 |
        Temple |    145 |    145 |      0 |      0 |     19 |   1 |  145.0 |
               +--------+--------+--------+--------+--------+-----+--------+

Top non-repeatable levels by time:
     D:4: 725 daAuts
     D:1: 692 daAuts
     D:2: 481 daAuts
     D:5: 420 daAuts
  Temple: 145 daAuts
